 Dungeon Crawl Stone Soup version 0.30.0-29-ga12c61a403 (webtiles) character file.

Game seed: 17015890971640570425

16793 Josd the Covert (level 12, -4/65 HPs)
             Began as a Vine Stalker Brigand on June 5, 2023.
             Was a Priest of Ashenzari.
             Slain by Rupert
             ... wielding a +2 great sword of electrocution
              (24 damage)
             ... on level 12 of the Dungeon.
             The game lasted 01:03:15 (12497 turns).

Josd the Covert (Vine Stalker Brigand)             Turns: 12497, Time: 01:03:16

Health: -4/65      AC: 14    Str: 14    XL:     12   Next: 41%
Magic:  0/34       EV: 14    Int: 11    God:    Ashenzari [***...]
Gold:   1060       SH:  8    Dex: 21    Spells: 25/27 levels left

rFire   + . .        V - +8 long sword (heavy)
rCold   + . .        N - +2 buckler
rNeg    . . .        u - +2 ring mail "Kijydug" {rElec Stlth+}
rPois   .            (no helmet)
rElec   +            c - +0 cloak of Ouranomancy {Melee, Comp} (curse)
rCorr   .            v - +2 pair of gloves of Cremastomancy {Self, Elem} (curse)
SInv    +            W - +0 pair of boots "Paranoia of Ashenzari" {Comp, Cun} (curse)
Will    +....        i - amulet of Panopticon {Regen+, Fort, Melee} (curse)
Stlth   ++++++       a - ring of magical power
HPRegen 1.90/turn    C - ring "Affliction of Ashenzari" {rF+ rC+, Self, Evo} (curse)
MPRegen 0.24/turn

%: clarity, guardian spirit
@: invisible
A: fangs 3, regeneration 1, magic shield, antimagic bite, no potion heal 2
a: Renounce Religion, Curse Item, Shatter the Chains


You were on level 12 of the Dungeon.
You worshipped Ashenzari.
Ashenzari was most pleased with you.
You visited 2 branches of the dungeon, and saw 14 of its levels.
You also visited: Sewer.

You collected 1060 gold pieces.

Inventory:

Hand Weapons
 y - a +0 trident
 A - a +5 short sword
 V - a +8 heavy long sword (weapon)
 Z - a +2 dagger of venom
Missiles
 d - 29 poisoned darts
 e - 7 curare-tipped darts (quivered)
 X - 10 javelins
Armour
 c - the cursed +0 cloak of Ouranomancy (worn) {Melee, Comp}

   It has a curse which improves the following skills: Melee Combat: Short
   Blades, Long Blades, Axes, Maces & Flails, Polearms, Staves and Unarmed
   Combat.
   Companions: Summonings and Necromancy.
 o - the +0 pair of boots of Gravitas {Dex+6}
   (You acquired it on level 10 of the Dungeon)

   Dex:       It affects your dexterity (+6).
 u - the +2 ring mail "Kijydug" (worn) {rElec Stlth+}
   (You found it on level 4 of the Dungeon)

   rElec:     It insulates you from electricity.
   Stlth:     It makes you more stealthy.
 v - the cursed +2 pair of gloves of Cremastomancy (worn) {Self, Elem}
   (You found it on level 4 of the Dungeon)

   It has a curse which improves the following skills: Introspection: Fighting
   and Spellcasting.
   Elements:  Fire Magic, Ice Magic, Air Magic and Earth Magic.
 B - a +0 cloak
 K - a scarf of harm
 L - a +1 pair of gloves
 N - a +2 buckler (worn)
 O - a +3 leather armour of fire resistance
 W - the cursed +0 pair of boots "Paranoia of Ashenzari" (worn) {Comp, Cun}
   (You found it on level 9 of the Dungeon)

   It has a curse which improves the following skills: Companions: Summonings
   and Necromancy.
   Cunning:   Dodging and Stealth.
Jewellery
 a - a ring of magical power (left hand)
 f - an amulet of guardian spirit
 i - the cursed amulet of Panopticon (around neck) {Regen+, Fort, Melee}
   (You found it on level 1 of the Dungeon)

   [amulet of regeneration]

   Regen:     It increases your rate of health regeneration.
   It has a curse which improves the following skills: Fortitude: Armour and
   Shields.
   Melee Combat: Short Blades, Long Blades, Axes, Maces & Flails, Polearms,
   Staves and Unarmed Combat.
 k - a ring of wizardry
 p - a ring of positive energy
 w - an amulet of magic regeneration
 C - the cursed ring "Affliction of Ashenzari" (right hand) {rF+ rC+, Self, Evo}
   (You found it on level 6 of the Dungeon)

   [ring of protection from fire]

   rF:        It protects you from fire.
   rC:        It protects you from cold.
   It has a curse which improves the following skills: Introspection: Fighting
   and Spellcasting.
   Evocations: Evocations.
 H - a ring of protection from fire
Wands
 r - a wand of flame (64)
 E - a wand of charming (6)
 M - a wand of polymorph (7)
 R - a wand of roots (1)
Scrolls
 l - 3 scrolls of immolation
 s - a scroll of enchant armour
 t - 2 scrolls of poison
 z - 2 scrolls of amnesia
 G - 5 scrolls of noise
 J - 2 scrolls of teleportation
 U - 4 scrolls of fog
Potions
 b - 3 potions of cancellation
 g - 4 potions of might
 h - 2 potions of flight
 m - 3 potions of lignification
 n - a potion of berserk rage
 q - 6 potions of curing
 x - 6 potions of heal wounds
 F - a potion of invisibility
 I - 2 potions of mutation
 P - a potion of attraction
 Q - 2 potions of resistance


   Skills:
 + Level 6.6(8.9) Fighting
 + Level 6.7(10.2) Short Blades
 + Level 7.4(10.6) Long Blades
 + Level 4.3 Throwing
 + Level 5.6(7.1) Armour
 + Level 5.2(6.7) Dodging
 + Level 10.4(11.9) Stealth
 + Level 3.9(5.3) Shields
 + Level 6.0(8.3) Spellcasting
 + Level 3.6(5.0) Air Magic
 + Level 2.5 Poison Magic


You had 25 spell levels left.
You knew the following spells:

 Your Spells              Type           Power      Damage    Failure   Level
a - Poisonous Vapours     Pois/Air       24%        N/A       12%         2

Your spell library contained the following spells:

 Spells                   Type           Power      Damage    Failure   Level
 Necrotise                Necr           20%        1d5       32%         1
 Mephitic Cloud           Conj/Pois/Air  10%        N/A       36%         3
 Vhi's Electric Charge    Tloc/Air       20%        N/A       36%         3
 Vampiric Draining        Necr           5%         2d6       69%         3
 Volatile Blastmotes      Fire/Tloc      8%         2d10      73%         3
 Dazzling Flash           Conj/Hex       8%         N/A       75%         3
 Gell's Gravitas          Tloc           4%         N/A       75%         3
 Teleport Other           Tloc           4%         N/A       75%         3
 Iskenderun's Mystic Bla  Conj/Tloc      4%         2d3       98%         4
 Arcjolt                  Conj/Air       5%         1d15      98%         5
 Freezing Cloud           Conj/Ice/Air   4%         6-21      99%         5
 Agony                    Necr           5%         N/A       100%        5
 Dispersal                Tloc           2%         N/A       100%        6
 Plasma Beam              Fire/Air       5%         2x1d17    100%        6
 Starburst                Conj/Fire      2%         6d3       100%        6


Dungeon Overview and Level Annotations

Branches:
Dungeon (13/15)            Temple (0/1) D:7            Lair (0/5) D:10
    Orc (1/2) D:10          Sewer (visited)
 Vaults: D:13-14

Altars:
Ashenzari
Fedhas
Gozag
Hepliaklqana
Kikubaaqudgha
Qazlal
Sif Muna
Trog
Uskayaw
Wu Jian
Yredelemnul
Zin
The Shining One

Shops:
D:1 [

Annotations:
D:12 Jorgrun, Rupert


Innate Abilities, Weirdness & Mutations

You have razor-sharp teeth.
Your natural rate of healing is unusually fast.
When hurt, damage is shared between your health and your magic reserves.
Your bite disrupts and absorbs the magic of your enemies.
Potions cannot restore your health.


Message History

Aim: Rupert, wielding a +2 great sword of electrocution and wearing a +1 ring mail of positive energy (lightly wounded, poisoned, 71% to hit)
You throw a poisoned dart.
The poisoned dart closely misses Rupert.
Rupert roars madly and goes into a rage!
Rupert goes berserk!
Rupert rages.
Aiming: Fastroot
Press: ? - help, Shift-Dir - straight line, f/p - Rupert
Aim: Rupert, wielding a +2 great sword of electrocution and wearing a +1 ring mail of positive energy (lightly wounded, berserk, poisoned)
Okay, then.
Aiming: Fastroot
Press: ? - help, Shift-Dir - straight line, f/p - Rupert
Aim: Rupert, wielding a +2 great sword of electrocution and wearing a +1 ring mail of positive energy (lightly wounded, berserk, poisoned)
The roots erupt in riotous growth!
Roots grab Rupert.
The grasping roots constrict Rupert.
Rupert misses you.
The grasping roots constrict Rupert.
Rupert looks more healthy.
The roots release their grip on Rupert.
You block Rupert's attack.
You barely miss Rupert. Your bite misses Rupert.
Rupert is lightly wounded.
Rupert hits you with a +2 great sword of electrocution!! x2
Aiming: Fastroot
Press: ? - help, Shift-Dir - straight line, f/p - Rupert
Aim: Rupert, wielding a +2 great sword of electrocution and wearing a +1 ring mail of positive energy (lightly wounded, berserk)
Okay, then.
Aiming: Fastroot
Press: ? - help, Shift-Dir - straight line, f/p - Rupert
Aim: Rupert, wielding a +2 great sword of electrocution and wearing a +1 ring mail of positive energy (lightly wounded, berserk)
The roots erupt in riotous growth!
Roots grab Rupert.
The grasping roots constrict Rupert.
Rupert hits you with a +2 great sword of electrocution!!
* * * LOW HITPOINT WARNING * * *
The grasping roots constrict Rupert!
Rupert struggles to escape constriction.
Rupert escapes!
You fade into invisibility!
You block Rupert's attack.
Rupert hits you with a +2 great sword of electrocution!!
You die...

* ##...... , #......)
.########### #.#.<..)
,...............# #.#.....
,..~~.......[...# #.#.....
*g.........(.....# #.######
####...........(....######.#.....
.................(..#......#.####
................@@...............
(...... *#..........#..))>(#.####
.>....# #################(#.#...
......#, ##### #########.#.#.##
........ ###.).###.........#.#.#.
.......###......)##........#.#.##
.o.....##)..._....##.............
.~!....##.........##..........###
T~~....#..††###....#.............


You could see Rupert (wandering, berserk, unable to see you).

Vanquished Creatures
  A boulder beetle (D:12)
  4 two-headed ogres
  Urug (D:12)
  Sonja (D:13)
  Pikel (D:7)
  An ugly thing (D:13)
  2 manticores (D:11)
  A cyclops (D:13)
  Joseph (D:7)
  Maggie (D:10)
  A yaktaur (D:12)
  A kobold demonologist (D:11)
  3 trolls
  A hornet (D:10)
  Grinder (D:4)
  9 slime creatures
  A shadow (D:13)
  A vampire (D:11)
  2 wyverns
  Eustachio (D:4)
  A wraith (D:11)
  9 yaks
  A human (D:10)
  Edmund (D:5)
  5 wargs (D:10)
  An acid dragon (D:12)
  4 water moccasins
  6 orc warriors
  An ice beast (D:5)
  3 ogres
  4 kobold brigands
  A phantom (D:6)
  A bullfrog (D:7)
  A necrophage (Sewer)
  4 scorpions
  A gnoll sergeant (D:7)
  3 wights
  A killer bee (D:8)
  3 howler monkeys
  3 hounds
  2 jellies
  3 gnoll boudas (D:6)
  13 orc priests
  Crazy Yiuf (D:7)
  15 orc wizards
  Natasha (thrice) (D:3)
  2 iguanas
  22 gnolls
  5 adders
  2 shadow imps
  3 white imps
  7 ufetubi
  4 worms
  A dart slug (D:4)
  43 orcs
  5 endoplasms
  6 giant cockroaches
  10 goblins
  10 hobgoblins
  28 kobolds
  6 quokkas
  7 ball pythons
  5 bats
  2 frilled lizards
  A kobold zombie (Sewer)
  9 rats
304 creatures vanquished.

Notes
Turn   | Place    | Note
-------+----------+-------------------------------------------
     0 | D:1      | Josd the Vine Stalker Brigand began the quest for the Orb.
     0 | D:1      | Reached XP level 1. HP: 11/11 MP: 2/2
   103 | D:1      | Reached skill level 5 in Stealth
   202 | D:1      | Found Inopo's Armour Boutique.
   213 | D:1      | Reached XP level 2. HP: 15/15 MP: 3/3
   507 | D:1      | Reached XP level 3. HP: 18/18 MP: 2/4
  1118 | D:2      | Reached skill level 6 in Stealth
  1304 | D:2      | You fall into a shaft and drop 1 floor!
  1463 | D:3      | Gained mutation: Your natural rate of healing is unusually
                  | fast. [Vine Stalker growth]
  1463 | D:3      | Reached XP level 4. HP: 16/23 MP: 2/5
  1520 | D:3      | Reached skill level 1 in Dodging
  1585 | D:3      | Found a basalt altar of Yredelemnul.
  1749 | D:3      | Noticed Natasha
  1758 | D:3      | Killed Natasha
  1895 | D:3      | Found an ornate altar of the Wu Jian Council.
  2050 | D:3      | Noticed Natasha
  2057 | D:3      | Killed Natasha
  2058 | D:3      | Reached XP level 5. HP: 26/26 MP: 6/6
  2162 | D:3      | Noticed Natasha
  2175 | D:3      | Killed Natasha
  2377 | D:4      | Reached skill level 7 in Stealth
  2377 | D:4      | Reached XP level 6. HP: 28/32 MP: 5/7
  2491 | D:4      | Found a broken altar of Ashenzari.
  2550 | D:4      | Noticed Eustachio
  2553 | D:4      | Became a worshipper of Ashenzari the Shackled
  2696 | D:4      | Identified the +2 ring mail "Kijydug" {rElec Stlth+}
  2757 | D:4      | Noticed Grinder
  2767 | D:4      | Paralysed by Grinder for 4 turns
  2794 | D:4      | Killed Grinder
  2795 | D:4      | Reached XP level 7. HP: 33/35 MP: 8/8
  2824 | D:4      | Found an opulent altar of Gozag.
  3115 | D:4      | Killed Eustachio
  3258 | D:5      | Entered Level 5 of the Dungeon
  3263 | D:5      | Noticed a fire elemental
  3265 | D:5      | Found a stormy altar of Qazlal.
  3267 | D:5      | Noticed a water elemental
  3267 | D:5      | Noticed an air elemental
  3431 | D:5      | Identified the +10 sling of Resumed Hostilities {freeze,
                  | Str+3 Dex+3}
  3503 | D:5      | Found a glowing golden altar of the Shining One.
  3598 | D:5      | Reached skill level 1 in Armour
  3598 | D:5      | Gained mutation: You have razor-sharp teeth. [Vine Stalker
                  | growth]
  3598 | D:5      | Reached XP level 8. HP: 40/40 MP: 9/9
  3664 | D:5      | Reached skill level 5 in Short Blades
  3696 | D:5      | Reached skill level 8 in Stealth
  3718 | D:5      | Found a bloodstained altar of Trog.
  4260 | D:6      | Reached skill level 9 in Stealth
  4273 | D:6      | Noticed Edmund
  4306 | D:5      | Killed Edmund
  4307 | D:5      | Reached XP level 9. HP: 37/45 MP: 6/10
  4367 | D:6      | Identified the ring of Littosum {rF+ rC+}
  4488 | D:6      | Found a glowing drain.
  4499 | Sewer    | Entered a sewer
  4616 | Sewer    | Found an ancient bone altar of Kikubaaqudgha.
  4781 | Sewer    | Reached * piety under Ashenzari
  5219 | D:6      | Learned a level 2 spell: Poisonous Vapours
  5414 | D:7      | Found a hazy altar of Hepliaklqana.
  5419 | D:7      | Reached skill level 1 in Spellcasting
  5514 | D:7      | Noticed Pikel
  5530 | D:7      | Killed Pikel
  5531 | D:7      | Reached skill level 1 in Air Magic
  5531 | D:7      | Reached skill level 1 in Poison Magic
  5826 | D:7      | Noticed Joseph
  5853 | D:7      | Killed Joseph
  5854 | D:7      | Reached XP level 10. HP: 22/51 MP: 1/16
  6241 | D:7      | Found a runed translucent door.
  6242 | D:7      | Noticed Crazy Yiuf
  6321 | D:7      | Found a staircase to the Ecumenical Temple.
  6532 | D:7      | Killed Crazy Yiuf
  6722 | D:8      | Reached ** piety under Ashenzari
  6733 | D:8      | Found a glowing silver altar of Zin.
  6734 | D:8      | Found an ancient bone altar of Kikubaaqudgha.
  7058 | D:9      | Noticed a two-headed ogre
  7077 | D:9      | Killed a two-headed ogre
  7078 | D:9      | Reached skill level 1 in Shields
  7212 | D:9      | Reached skill level 1 in Long Blades
  7227 | D:9      | Found a blossoming altar of Fedhas.
  7627 | D:9      | Found a shimmering blue altar of Sif Muna.
  7884 | D:8      | Reached skill level 5 in Fighting
  7956 | D:8      | Found a hide-covered altar of Uskayaw.
  8479 | D:10     | Entered Level 10 of the Dungeon
  8767 | D:10     | Found a staircase to the Lair.
  9000 | D:11     | Reached skill level 5 in Spellcasting
  9012 | D:11     | Reached XP level 11. HP: 58/58 MP: 22/22
  9178 | D:10     | Paralysed by a hornet for 1 turns
  9628 | D:11     | Noticed a two-headed ogre
  9632 | D:11     | Noticed a manticore
  9645 | D:11     | Killed a two-headed ogre
  9646 | D:11     | Reached skill level 5 in Armour
  9663 | D:11     | Killed a manticore
  9909 | D:11     | Noticed a two-headed ogre
  9919 | D:11     | Killed a two-headed ogre
  9958 | D:11     | Noticed a manticore
  9967 | D:11     | Killed a manticore
  9968 | D:11     | Reached skill level 5 in Long Blades
 10204 | D:10     | Found a staircase to the Orcish Mines.
 10212 | D:10     | Identified a scroll of acquirement
 10223 | Orc:1    | Entered Level 1 of the Orcish Mines
 10502 | Orc:1    | Reached *** piety under Ashenzari
 10576 | D:10     | Acquired the +0 pair of boots of Gravitas {Dex+6}
 10868 | D:10     | Noticed Maggie
 10878 | D:10     | Killed Maggie
 11023 | D:10     | Reached skill level 10 in Stealth
 11146 | D:12     | Noticed a boulder beetle
 11169 | D:12     | Killed a boulder beetle
 11232 | D:12     | Reached XP level 12. HP: 62/65 MP: 23/25
 11324 | D:12     | Noticed Urug
 11331 | D:12     | Killed Urug
 11332 | D:12     | Reached skill level 5 in Dodging
 11367 | D:12     | Found a bloodstained altar of Trog.
 11367 | D:12     | Identified the +11 spear of Defence {distort, Drain rElec
                  | Will+ rCorr}
 11488 | D:12     | Noticed Rupert
 11568 | D:12     | Noticed Jorgrun
 11568 | D:12     | Noticed a boulder beetle
 11752 | D:13     | Found a gate leading to a gauntlet.
 11810 | D:13     | Noticed Sonja
 11823 | D:13     | Killed Sonja
 12460 | D:12     | Noticed a two-headed ogre
 12476 | D:12     | Killed a two-headed ogre
 12497 | D:12     | Slain by Rupert

Illustrated notes

Levels and vault maps discovered:
D:1:      elethiomel_arrival_shortcut, layout_basic, serial_shops,
          nicolae_shop_trees
D:2:      layout_loops_corners, basic_altar, minmay_tiny_reverse_x
D:3:      layout_basic, mainiacjoe_overflow_paths, nzn_wu_jian_council_hall,
          uniq_natasha
D:4:      layout_basic, mainiacjoe_overflow_cross_hatched,
          nicolae_ashenzari_panopticon, serial_bayou_lake_a, uniq_grinder,
          uniq_eustachio
D:5:      layout_loops_cross, nicolae_qazlal_style_of_elements,
          lemuel_tele_altar, lemuel_doored_altar
D:6:      layout_cave_pools, gup_sewer_entry_bubbles, uniq_edmund
D:7:      layout_loops_ring, mainiacjoe_overflow_boulevard,
          minmay_temple_entry_glass, minivault_1, minmay_crossroads,
          uniq_joseph, uniq_crazy_yiuf_cottage, uniq_pikel
D:8:      layout_rooms, jmf_multi_god_temple, amcnicky_altar_gilded,
          enter_bailey_3
D:9:      layout_rooms, kennysheep_little_box, fedhas_altar_2,
          minmay_crystal_water, minivault_25
D:10:     layout_stronghold, erik_lair_orcish_takeover, erik_orc_4, uniq_maggie
D:11:     layout_loops_ring, serial_glass, glass_columns_a, glass_columns_b,
          minmay_misc_feat_chi, kennysheep_generic_room_7
D:12:     layout_basic, tgw_trog, uniq_rupert, uniq_jorgrun, uniq_urug
D:13:     layout_roguey, gauntlet_entry_generic, uniq_sonja
Orc:1:    layout_caves, basic_altar

Skill      XL: |  1  2  3  4  5  6  7  8  9 10 11 12 |
---------------+-------------------------------------+-----
Stealth        | 5 6 7 9 10 | 10.4
Short Blades   | 2 3 4 5 6 |  6.7
Fighting       | 2 3 4 5 6 |  6.6
Dodging        | 1 2 3 4 5 |  5.2
Throwing       | 2 3 4 |  4.3
Armour         | 1 2 4 5 |  5.6
Spellcasting   | 3 5 6 |  6.0
Air Magic      | 2 3 |  3.6
Poison Magic   | 1 2 |  2.5
Shields        | 1 3 |  3.9
Long Blades    | 3 6 7 |  7.4

Action                     |  1- 3 |  4- 6 |  7- 9 | 10-12 || total
---------------------------+-------+-------+-------+-------++-------
  Melee: Dagger            |    96 |    80 |   370 |    84 ||   630
         Bite              |    21 |    27 |   119 |   193 ||   360
         Punch             |       |     2 |     8 |       ||    10
         Long sword        |       |       |       |   434 ||   434
  Throw: Dart              |       |    17 |    17 |    46 ||    80
         Throwing net      |       |       |     1 |     3 ||     4
   Cast: Poisonous Vapours |       |       |    15 |    24 ||    39
 Invoke: Curse Item        |       |       |     2 |     3 ||     5
  Evoke: Wand              |       |       |       |     2 ||     2
    Use: Potion            |       |     1 |       |     2 ||     3
         Scroll            |       |       |    12 |    11 ||    23
   Stab: Sleeping          |    11 |     3 |    18 |    13 ||    45
         Distracted        |       |       |     1 |     2 ||     3
 Armour: Robe              |    13 |    17 |       |       ||    30
         Ring mail         |       |       |   145 |   275 ||   420
  Dodge: Dodged            |    38 |    53 |   222 |   383 ||   696
  Block: Buckler           |       |       |     7 |   264 ||   271
